 Dungeon Crawl Stone Soup version 0.30.1-11-g7821555f0a (webtiles) character file.

Game seed: 11889983995302000011

759 KittyFluff the Cudgeller (level 7, 0/44 HPs)
             Began as a Gargoyle Berserker on Nov 23, 2023.
             Was a Priest of Trog.
             Slain by Dowan
             ... wielding a +0 dagger
              (5 damage)
             ... on level 4 of the Dungeon.
             The game lasted 00:11:58 (2728 turns).

KittyFluff the Cudgeller (Gargoyle Berserker)       Turns: 2728, Time: 00:11:59

Health: 0/44       AC: 14    Str: 23    XL:     7   Next: 80%
Magic:  7/7        EV: 17    Int:  7    God:    Trog [***...]
Gold:   152        SH:  5    Dex:  9    Spells: 6/6 levels left

rFire   . . .        B - +10 morningstar "Eos" {elec, Halo rElec}
rCold   . . .        (no shield)
rNeg    + . .        v - +0 leather armour
rPois   ∞            (no helmet)
rElec   +            b - +0 cloak
rCorr   .            s - +0 pair of gloves
SInv    .            i - +2 pair of boots
Will    .....        k - amulet of reflection
Stlth   +            m - +4 ring of slaying
HPRegen 0.27/turn    u - +5 ring of evasion
MPRegen 0.10/turn

%: reflection
@: glowing
A: sickness immunity, AC +4, negative energy resistance 1, electricity
resistance, torment resistance 1, petrification resistance
a: Renounce Religion, Berserk, Trog's Hand


You were on level 4 of the Dungeon.
You worshipped Trog.
Trog was most pleased with you.
You visited 1 branch of the dungeon, and saw 4 of its levels.

You collected 152 gold pieces.

Inventory:

Hand Weapons
 a - a +0 mace
 A - a +2 quarterstaff of chaos
 B - the +10 morningstar "Eos" (weapon) {elec, Halo rElec}
   (You found it on level 3 of the Dungeon)

   Halo:      It grants its wielder a halo, revealing invisible creatures and
   increasing accuracy against all within it other than the wielder.
   rElec:     It insulates you from electricity.
Missiles
 y - a boomerang (quivered)
Armour
 b - a +0 cloak (worn)
 i - a +2 pair of boots (worn)
 s - a +0 pair of gloves (worn)
 v - a +0 leather armour (worn)
Jewellery
 g - an amulet of regeneration
 k - an amulet of reflection (around neck)
 m - a +4 ring of slaying (left hand)
 u - a +5 ring of evasion (right hand)
Scrolls
 c - 2 scrolls of enchant weapon {unknown}
 d - 2 scrolls of fear {unknown}
 j - 3 scrolls of magic mapping {unknown}
 l - a scroll of amnesia {unknown}
 n - 2 scrolls of enchant armour {unknown}
 o - 2 scrolls of immolation {unknown}
 r - 2 scrolls of identify {unknown}
 t - 2 scrolls of teleportation {unknown}
 C - a scroll of fog {unknown}
Potions
 e - 2 potions of might {unknown}
 f - a potion of degeneration {unknown}
 h - a potion of attraction {unknown}
 p - a potion of brilliance {unknown}
 q - 2 potions of heal wounds {unknown}
 w - a potion of haste {unknown}
 x - a potion of curing {unknown}
 z - a potion of resistance {unknown}


   Skills:
 + Level 4.8 Fighting
 * Level 5.4 Maces & Flails
 * Level 5.2 Armour
 + Level 3.0 Dodging
 + Level 3.4 Stealth


You had 6 spell levels left.
You didn't know any spells.
Your spell library was empty.

Dungeon Overview and Level Annotations

Branches:
Dungeon (4/15)
 Temple: D:4-7

Altars:

Annotations:
D:3 1 runed translucent door
D:4 Dowan


Innate Abilities, Weirdness & Mutations

You are immune to sickness and miasma.
Your stone body is resilient. (AC +4)
You are immune to poison.
You resist negative energy. (rN+)
You are resistant to electric shocks. (rElec)
You are resistant to unholy torment.
You are immune to petrification.


Message History

The orc priest casts a cantrip, but nothing happens.
Items here: ))))) [ ††.
The orc priest invokes the aid of Beogh against you.
Beogh smites you!
Duvessa is nearby!
The orc priest calls down the wrath of Beogh upon you.
Beogh smites you!
You hear a shout!
You impale Duvessa!! Lightning courses through Duvessa!!
You kill Duvessa!
Trog accepts your kill.
You hear a distant wail of despair.
The orc priest looks braver for a moment.
Your Armour skill increases to level 5!
Dowan, Brother of Duvessa comes into view.
He is wielding a +0 dagger.
Things that are here:
a +4 vampiric short sword; a +1 leather armour of fire resistance You puncture the orc priest!
The orc priest is almost dead.
Dowan seems to find hidden reserves of power!
The orc priest calls down the wrath of Beogh upon you.
Beogh smites you!
* * * LOW HITPOINT WARNING * * *
You bludgeon the orc priest!!
You kill the orc priest!
Trog accepts your kill.
Dowan gestures wildly while chanting.
Dowan blinks!
Your Dodging skill increases to level 3!
Things that are here:
a +0 flail; 11 gold pieces Dowan casts a spell at you.
The stone arrow misses you. Dowan hits you but does no damage.
There is a stone staircase leading down here.
You impale Dowan!!
Dowan is almost dead.
Dowan says, "Her death will not be in vain!"
Dowan hits you with a +0 dagger.
You die...

#...........# #.#
######...........# #.#
#....#...........###.######
#....#..[........).........
#....#...........##...###.#
#................##.....#.#
#................######.#.#
#....)...###...###........#
##.......#@e..))..........#
#.......#.#######.####.#.#
#.......#.# ### #.#.#
#.......#)######.. #.#
#.......))........ #.#
#######........... ##.#
#...<....... #.#
#......e.... #.#
#.......o...


You could see Dowan (fast).

Vanquished Creatures
  Duvessa (D:4)
  An ogre (D:4)
  2 phantoms (D:4)
  The ghost of Grendle the Conjurer, an amateur DsCj (D:3)
  A bullfrog (D:3)
  A gnoll bouda (D:4)
  2 orc priests
  Crazy Yiuf (D:3)
  3 adders
  5 gnolls (D:4)
  3 worms
  3 dart slugs (D:2)
  5 orcs
  6 ball pythons
  8 bats
  8 endoplasms
  5 giant cockroaches
  4 goblins
  8 hobgoblins
  3 kobolds
  5 quokkas
  2 frilled lizards
  4 rats
82 creatures vanquished.

Notes
Turn   | Place    | Note
-------+----------+-------------------------------------------
     0 | D:1      | KittyFluff the Gargoyle Berserker began the quest for the
                  | Orb.
     0 | D:1      | Reached XP level 1. HP: 14/14 MP: 1/1
   235 | D:1      | Reached XP level 2. HP: 8/19 MP: 2/2
  1032 | D:2      | Reached XP level 3. HP: 23/23 MP: 3/3
  1147 | D:2      | Reached skill level 1 in Stealth
  1166 | D:2      | Reached ** piety under Trog
  1452 | D:2      | Reached XP level 4. HP: 28/28 MP: 4/4
  1941 | D:3      | Found a runed translucent door.
  1945 | D:3      | Noticed Grendle's ghost (amateur DsCj)
  1947 | D:3      | Noticed a bullfrog
  2027 | D:3      | Found a runed translucent door.
  2060 | D:3      | Killed a bullfrog
  2061 | D:3      | Reached XP level 5. HP: 27/33 MP: 5/5
  2071 | D:3      | Killed Grendle's ghost
  2072 | D:3      | Reached XP level 6. HP: 19/38 MP: 6/6
  2186 | D:3      | Found a runed translucent door.
  2186 | D:3      | Found the +10 morningstar "Eos" {elec, Halo rElec}
  2187 | D:3      | Noticed Crazy Yiuf
  2193 | D:3      | Killed Crazy Yiuf
  2565 | D:4      | Reached XP level 7. HP: 43/44 MP: 7/7
  2652 | D:4      | Reached skill level 5 in Maces & Flails
  2653 | D:4      | Reached *** piety under Trog
  2703 | D:4      | Noticed Duvessa
  2719 | D:4      | Killed Duvessa
  2720 | D:4      | Reached skill level 5 in Armour
  2720 | D:4      | Noticed Dowan
  2728 | D:4      | Slain by Dowan

Illustrated notes

Levels and vault maps discovered:
D:1:      matt_arrival_los_fun, layout_loops_ring, roderic_serpentine_path
D:2:      layout_rooms, minivault_11, grunt_ministairs_2
D:3:      layout_rooms, ebering_ghost_sewer_f, uniq_crazy_yiuf_cottage
D:4:      wander_river, layout_basic, grunt_temple_overflow_diamond,
          corexii_checkpoint_a, uniq_duvessa

Skill      XL: |  1  2  3  4  5  6  7 |
---------------+----------------------+-----
Stealth        | 1 2 3 |  3.4
Armour         | 3 4 5 |  5.2
Dodging        | 2 3 |  3.0
Fighting       | 4 |  4.8
Maces & Flails | 4 5 |  5.4

Action                     |  1- 3 |  4- 6 |  7- 9 || total
---------------------------+-------+-------+-------++-------
  Melee: Mace              |   101 |    75 |       ||   176
         Morningstar       |       |    23 |    21 ||    44
 Invoke: Berserk           |       |     1 |       ||     1
   Stab: Sleeping          |     1 |     2 |       ||     3
 Armour: Animal skin       |    40 |     2 |       ||    42
         Leather armour    |       |    20 |    13 ||    33
  Dodge: Dodged            |    48 |    61 |    38 ||   147
  Block: Other             |     8 |    15 |    11 ||    34
         Reflection        |       |     1 |       ||     1
